AoeStats
← Hackett Geert Kasch

MegaRandom

509792959Analyzed
3v3 RM · 3d ago on Sep 28, 2026· 59m 32s· 6 players
Game mode
Random Map
Map size
Normal (6 player)
Population
200
Speed
Normal
Resources
Standard
Victory
Conquest
Starting age
Dark Age
Ending age
Imperial Age
RankedLock teamsTeams togetherTeam positionsShared explorationLock speedFull tech treeHidden civsTurbo modeCheats
Victory
Defeat
🇺🇸 Japanese · United States
1087
+16
🇲🇽 Spanish · Mexico
1059
+17
🇨🇱 Byzantines · Chile
1015
+19
🇵🇪 Inca · Peru
1151
-20
🇵🇪 Byzantines · Peru
1042
-16
🇨🇳 Franks · China
1040
-16
Hackett Geert Kasch
0:30 Loom
10:13 Feudal Age
11:31 Wheelbarrow
10:43 Double-Bit Axe
10:41 Horse Collar
14:20 Forging
20:10 Castle Age
19:29 Scale Mail Armor
19:23 Stone Mining
19:54 Gold Mining
20:59 Fletching
21:53 Scale Barding Armor
22:44 Husbandry
23:00 Bloodlines
25:16 Chain Barding Armor
27:51 Hand Cart
28:31 Heavy Plow
31:31 Bow Saw
34:33 Bodkin Arrow
37:18 Squires
39:16 Pikeman
39:42 Arson
40:07 Thumb Ring
42:23 Chain Mail Armor
43:10 Iron Casting
47:17 Imperial Age
44:34 Town Watch
45:02 Elite Skirmisher
48:41 Conscription
55:00 Conscription
57:25 Chemistry
56:46 Ballistics
56:37 Masonry
56:23 Murder Holes
Sgt. Shaftoe
12:47 Feudal Age
13:50 Double-Bit Axe
17:57 Castle Age
16:04 Man-at-Arms
17:45 Stone Mining
17:45 Fishing Lines
19:03 Long Swordsman
19:29 Gambesons
20:09 Medium Warships
20:46 Arson
21:02 Squires
26:01 Gillnets
27:37 Fletching
27:58 Forging
28:13 Horse Collar
28:59 Yasama
33:38 Imperial Age
31:44 Wheelbarrow
30:55 Loom
31:08 Gold Mining
31:17 Bodkin Arrow
32:13 Heavy Plow
32:27 Bow Saw
33:03 Hand Cart
32:33 Town Watch
34:56 Masonry
35:48 Chemistry
34:56 Siege Engineers
36:31 Two-Handed Swordsman
38:16 Champion
40:39 Iron Casting
40:04 Scale Mail Armor
40:05 Bracer
47:11 Fortified Wall
46:43 Treadmill Crane
47:27 Pikeman
49:02 Conscription
49:03 Kataparuto
52:41 Blast Furnace
51:57 Chain Mail Armor
52:33 Halberdier
55:22 Elite Skirmisher
59:13 Town Patrol
Boss's Order
1:47 Loom
10:40 Feudal Age
11:22 Double-Bit Axe
15:27 Wheelbarrow
14:50 Fishing Lines
19:10 Castle Age
17:19 Gold Mining
20:15 Bow Saw
20:29 Squires
19:58 Pikeman
21:23 Horse Collar
21:54 Stone Mining
31:04 Imperial Age
28:51 Heavy Plow
29:10 Arson
29:11 Gambesons
28:52 Elite Skirmisher
30:38 Scale Mail Armor
30:29 Fletching
30:40 Padded Archer Armor
31:46 Bodkin Arrow
31:14 Halberdier
32:59 Conscription
34:19 Chemistry
34:32 Forging
34:40 Leather Archer Armor
35:45 Ballistics
36:24 Bracer
36:41 Chain Mail Armor
38:28 Iron Casting
38:51 Hand Cart
40:16 Two-Man Saw
40:43 Plate Mail Armor
41:47 Ring Archer Armor
41:45 Crossbowman
43:06 Thumb Ring
44:10 Crop Rotation
43:09 Arbalester
45:13 Murder Holes
49:42 Scale Barding Armor
51:08 Chain Barding Armor
51:36 Husbandry
50:58 Light Cavalry
52:37 Hussar
54:42 Plate Barding Armor
55:08 Gold Shaft Mining
arturo0110
7:56 Loom
9:52 Feudal Age
10:45 Double-Bit Axe
10:42 Horse Collar
13:23 Wheelbarrow
20:30 Castle Age
21:44 Heavy Plow
21:57 Bow Saw
30:49 Imperial Age
28:35 Hand Cart
29:06 Scale Mail Armor
29:06 Padded Archer Armor
28:57 Fletching
29:24 Fortified Wall
29:35 Ballistics
29:13 Pikeman
29:54 Squires
29:39 Arson
31:49 Elite Skirmisher
33:31 Chemistry
33:41 Arrowslits
35:13 Two-Man Saw
36:13 Leather Archer Armor
35:53 Bodkin Arrow
36:09 Forging
36:14 Chain Mail Armor
36:05 Scale Barding Armor
36:24 Halberdier
40:26 Capped Ram
41:41 Siege Ram
43:04 Logistica
43:14 Conscription
45:28 Ring Archer Armor
44:58 Bracer
45:34 Iron Casting
45:30 Plate Mail Armor
47:20 Elite Cataphract
49:28 Chain Barding Armor
Héc'Arak
8:22 Loom
10:37 Feudal Age
11:08 Double-Bit Axe
15:24 Castle Age
14:16 Forging
15:44 Scale Mail Armor
15:27 Horse Collar
17:05 Heavy Plow
24:51 Wheelbarrow
24:06 Town Watch
26:04 Fletching
26:30 Chain Mail Armor
26:51 Iron Casting
26:40 Treadmill Crane
27:43 Hand Cart
28:34 Bow Saw
32:34 Imperial Age
30:53 Masonry
31:08 Gold Mining
31:11 Stone Mining
31:30 Bodkin Arrow
32:03 Ballistics
33:37 Conscription
34:21 Blast Furnace
33:52 Plate Mail Armor
37:00 Elite Kamayuk
42:07 Town Patrol
45:42 Murder Holes
46:47 Crop Rotation
46:52 Gold Shaft Mining
56:47 Fabric Shields
力口
11:56 Feudal Age
17:00 Castle Age
16:03 Double-Bit Axe
17:19 Loom
19:51 Wheelbarrow
20:28 Bow Saw
24:05 Scale Barding Armor
28:48 Chain Barding Armor
28:39 Forging
31:44 Fishing Lines
32:24 Hand Cart
35:22 Imperial Age
34:47 Iron Casting
39:43 Imperial Age
38:46 Medium Warships
39:27 Gold Mining
40:46 Gold Shaft Mining
42:59 Chemistry
41:54 Cavalier
42:36 Husbandry
48:08 Fletching
48:47 Bodkin Arrow
59:20 Stone Mining
Connection lost

Rejoining the realm…

Still unreachable

The connection could not be restored.

Session expired

The server has moved on; the page needs a fresh start.